Map: [ESL] Ancient Cistern

Players

Elazer - Winner!

  • Race: Zerg Zerg

DRG

  • Race: Zerg Zerg

Event: IEM Katowice 2023

VOD

Have the link to the VOD?

Description

Time

  • Played on: Feb. 10, 2023, 2:14 p.m.
  • Length: 9:47

All games in this series

Show
View Real Time Build Order
Export as new Build Order

Elazer Zerg - Winner!

Build Orders: Hatch First 

Get SALT Encoding   

  12  0:00  Drone  
  13  0:12  Overlord  
  13  0:16  Drone  
  14  0:30  Drone x2  
  16  0:46  Hatchery  
  15  0:50  Drone  
  15  0:53  Drone  
  15  0:56  Drone  
  18  1:07  Extractor  
  17  1:12  Spawning Pool  
  17  1:15  Drone  
  17  1:18  Drone  
  18  1:28  Drone  
  19  1:39  Drone  
  20  1:49  Drone  
  21  1:58  Queen x2  
  21  1:59  Zergling x2  
  21  2:00  Overlord  
  26  2:07  Metabolic Boost  
  26  2:09  Drone  
  26  2:11  Drone  
  28  2:23  Drone x2  
  30  2:32  Hatchery  
  30  2:34  Drone  
  30  2:37  Drone  
  31  2:44  Baneling Nest  
  31  2:46  Overlord  
  31  2:49  Drone  
  31  2:55  Drone x2  
  33  3:07  Overlord, Drone x2  
  33  3:08  Drone  
  33  3:12  Zergling x6  
  39  3:14  Zergling x2  
  39  3:19  Queen  
  42  3:23  Drone  
  42  3:24  Drone  
  44  3:30  Drone x2  
  46  3:39  Drone x4  
  50  3:41  Drone x2  
  50  3:48  Overlord  
  52  3:49  Drone x2  
  54  3:57  Zergling x6  
  54  4:01  Drone  
  58  4:06  Lair  
  59  4:10  Zergling x10  
  59  4:13  Baneling x2  
  59  4:15  Zergling x4  
  65  4:17  Zergling x2  
  65  4:19  Overlord  
  65  4:23  Extractor  
  65  4:33  Drone  
  65  4:38  Overlord  
  65  4:40  Zergling x2  
  65  4:41  Zergling x14  
  71  4:51  Zergling x12  
  71  4:52  Zergling x2  
  71  4:54  Zergling x4  
  71  4:59  Overlord  
  69  5:01  Roach Warren  
  69  5:06  Baneling x4  
  68  5:08  Drone x2  
  70  5:17  Overlord  
  70  5:21  Extractor, Drone x2  
  69  5:22  Overlord  
  70  5:31  Evolution Chamber  
  70  5:33  Drone x3  
  70  5:34  Overlord x2  
  72  5:41  Roach  
  72  5:42  Roach x6  
  86  5:49  Roach, Spine Crawler x3  
  90  5:50  Roach x2  
  90  5:57  Roach x5  
  100  6:02  Roach  
  100  6:03  Roach  
  102  6:10  Roach x2  
  90  6:20  Roach x3, Queen x2  
  90  6:21  Queen  
  100  6:26  Zergling x14  
  106  6:34  Glial Reconstitution  
  106  6:35  Overlord  
  106  6:37  Evolution Chamber  
  106  6:39  Drone x4  
  109  6:45  Overlord  
  109  6:51  Drone x4  
  112  6:55  Drone  
  110  7:06  Roach x3  
  110  7:07  Zerg Missile Weapons Level 1  
  115  7:16  Roach x3  
  115  7:17  Roach x2  
  125  7:24  Extractor x2  
  125  7:25  Extractor, Overlord  
  125  7:26  Drone x4  
  126  7:32  Drone x2, Hatchery  
  126  7:35  Spire  
  126  7:38  Drone x3  
  129  7:44  Drone x5  
  129  7:51  Drone x3  
  135  7:57  Roach  
  136  7:59  Overlord x3  
  136  8:08  Overlord x2  
  136  8:18  Roach x10  
  154  8:28  Roach x2  
  154  8:32  Roach x5  
  167  8:39  Roach x4  
  162  8:46  Mutalisk x3  
  168  8:51  Mutalisk  
  170  8:57  Mutalisk x2  
  174  9:07  Drone x5  
  174  9:08  Drone  
  178  9:15  Roach x3  
Show
View Real Time Build Order
Export as new Build Order

DRG Zerg 

Build Orders: Hatch First 

Get SALT Encoding   

  12  0:00  Drone  
  13  0:11  Overlord  
  13  0:16  Drone  
  14  0:30  Drone x2  
  16  0:47  Hatchery  
  15  0:50  Drone  
  15  0:54  Drone  
  17  0:57  Drone  
  18  1:08  Extractor  
  17  1:13  Spawning Pool  
  17  1:15  Drone  
  17  1:19  Drone  
  18  1:27  Drone  
  19  1:38  Drone  
  20  1:48  Drone  
  21  1:59  Queen x2  
  21  2:00  Overlord  
  21  2:01  Drone  
  26  2:11  Metabolic Boost, Drone x2  
  28  2:21  Drone x2  
  30  2:31  Hatchery  
  30  2:33  Drone  
  30  2:35  Drone  
  31  2:41  Queen  
  33  2:46  Overlord  
  33  2:52  Baneling Nest  
  33  2:55  Drone  
  33  2:56  Drone  
  33  2:58  Drone  
  35  3:07  Zergling x8  
  35  3:11  Overlord  
  39  3:15  Drone  
  39  3:17  Drone  
  41  3:20  Drone x2  
  43  3:27  Evolution Chamber  
  43  3:29  Drone  
  43  3:31  Drone  
  44  3:36  Drone  
  44  3:38  Drone x2  
  44  3:39  Drone x2  
  49  3:44  Drone  
  49  3:47  Drone  
  51  3:49  Drone x3  
  51  3:50  Drone  
  51  3:52  Zerg Missile Weapons Level 1  
  54  3:59  Baneling  
  54  4:01  Roach Warren  
  54  4:02  Zergling x2  
  54  4:03  Drone x2  
  54  4:05  Extractor  
  54  4:06  Extractor  
  54  4:08  Overlord  
  54  4:10  Drone  
  54  4:13  Drone  
  54  4:14  Drone x2  
  57  4:18  Overlord  
  57  4:22  Baneling x2  
  57  4:24  Overlord  
  57  4:27  Overlord  
  57  4:28  Zergling x6  
  60  4:32  Zergling x4  
  57  4:42  Roach  
  60  4:45  Roach  
  60  4:51  Roach  
  60  4:53  Zergling x16  
  60  4:54  Zergling x2  
  60  4:56  Zergling x2  
  68  5:04  Lair  
  66  5:09  Roach x2  
  70  5:18  Baneling x2, Roach x4  
  77  5:23  Roach  
  77  5:26  Roach x2  
  83  5:28  Queen  
  83  5:32  Baneling x2  
  85  5:38  Zergling x8  
  85  5:42  Overlord  
  89  5:46  Overlord  
  89  5:48  Overlord  
  89  5:58  Baneling x11  
  89  6:00  Queen  
  91  6:07  Drone x4  
  88  6:12  Ravager x2  
  88  6:14  Drone x4  
  88  6:15  Drone x2  
  85  6:22  Zergling x6  
  85  6:25  Roach  
  85  6:30  Roach x3  
  85  6:32  Glial Reconstitution  
  88  6:43  Overlord  
  88  6:45  Overlord  
  88  6:52  Drone  
  88  6:53  Drone x3  
  89  6:55  Drone x4  
  89  6:57  Zerg Missile Weapons Level 2  
  89  7:00  Roach x3  
  98  7:05  Extractor x2  
  98  7:06  Roach x2  
  100  7:11  Overlord, Roach  
  101  7:16  Roach x2  
  101  7:20  Roach  
  101  7:21  Overlord x2  
  107  7:24  Overlord  
  107  7:28  Roach x2  
  107  7:29  Overlord  
  111  7:33  Roach x2  
  111  7:37  Roach x2  
  119  7:42  Roach  
  119  7:43  Roach  
  123  7:53  Roach x5  
  123  7:58  Roach  
  135  8:02  Roach x2  
  139  8:07  Roach  
  139  8:08  Baneling x3  
  145  8:12  Roach  
  145  8:13  Roach  
  145  8:21  Roach x4  
  145  8:23  Overlord  
  145  8:26  Overlord  
  153  8:29  Overlord  
  153  8:30  Drone x2  
  153  8:32  Extractor  
  153  8:38  Overlord x2  
  153  8:41  Overlord  
  152  8:43  Overlord  
  152  8:49  Roach  
  152  8:50  Roach x2  
  152  8:51  Hatchery  
  157  8:59  Roach x4  
  157  9:01  Overseer  
  165  9:04  Roach  
  165  9:07  Ravager x4  
  171  9:11  Roach  
  171  9:14  Roach x2  
  177  9:17  Roach x2  
  181  9:25  Hydralisk Den  

Tags
 
Add a new tag
Caveats
  • Supply blocks, unpowered buildings, or Contaminate may cause inaccurate times.
  • Supply counts are checked every 10 seconds.